 Dungeon Sprint DCSS version 0.18-a0-1788-g92de1ac (webtiles) character file.

193 wvc the Cruncher (level 5, -11/38 HPs)
             Began as a Demonspawn Gladiator on Apr 19, 2016.
             Was an Initiate of Cheibriados.
             Mangled by a hill giant
             ... wielding a +0 giant club
              (24 damage)
             ... in the Dungeon (Sprint IX: "|||||||||||||||||||||||||||||").
             The game lasted 00:01:18 (347 turns).

wvc the Cruncher (Demonspawn Gladiator)              Turns: 347, Time: 00:01:19

Health: -11/38     AC: 15    Str: 19    XL:     5   Next: 43%
Magic:  5/5        EV:  8    Int: 11    God:    Cheibriados [......]
Gold:   0          SH:  0    Dex: 14    Spells: 0 memorised, 4 levels left

rFire  + . .     SeeInvis .     a - +0 quarterstaff
rCold  . . .     Gourm    .     r - +1 chain mail {rF+}
rNeg   . . .     Faith    .     (shield currently unavailable)
rPois  .         Spirit   .     c - +0 helmet
rElec  .         Dismiss  .     q - +0 cloak
rCorr  .         Reflect  .     (no gloves)
SustAt .         Harm     .     (no boots)
MR     .....     NoTele   +     (no amulet)
Stlth  ..........               (no ring)
                                t - +3 ring of strength

@: very slow, not resistant to hostile enchantments, extremely unstealthy
A: claws 1, rough black scales 1
a: Bend Time, Renounce Religion


You were in the Dungeon.
You worshipped Cheibriados.
Cheibriados was noncommittal.
You were not hungry.

You visited 1 branch

Inventory:

Hand Weapons
 a - a +0 quarterstaff (weapon)
Missiles
 d - 3 throwing nets (quivered)
Armour
 b - a +0 leather armour
 c - a +0 helmet (worn)
 p - a +0 helmet
 q - a +0 cloak (worn)
 r - a +1 chain mail of fire resistance (worn)
Jewellery
 s - a +3 ring of intelligence
 t - a +3 ring of strength (left claw)
Wands
 o - a wand of lightning (7/15)
Scrolls
 k - 2 scrolls of blinking
 m - 3 scrolls of remove curse
 n - 2 scrolls of amnesia
Potions
 e - 5 potions of curing
 g - 3 potions of heal wounds
 h - a potion of haste
 i - 4 potions of magic
 j - a potion of berserk rage
 l - a potion of invisibility
Comestibles
 f - a bread ration


   Skills:
 - Level 2.0 Fighting
 * Level 10.6 Staves
 - Level 1.7 Throwing
 - Level 2.6 Dodging


You had 4 spell levels left.
You didn't know any spells.

Dungeon Overview and Level Annotations

Branches:
Dungeon (1/1)

Altars:
Cheibriados
Dithmenos
Elyvilon
Fedhas
Gozag
Kikubaaqudgha
Makhleb
Nemelex Xobeh
Okawaru
Pakellas
Qazlal
Ru
Sif Muna
Trog
Vehumet
Xom
Yredelemnul
Zin
The Shining One
Beogh
Jiyva
Lugonu


Innate Abilities, Weirdness & Mutations

You have sharp fingernails.
You are partially covered in rough black scales (AC +4, Dex -1).


Message History

The crocodile bites you!
You sock the crocodile!
The crocodile is heavily wounded.
You sock the hill giant!
The hill giant is lightly wounded.
You hit the hill giant.
The hill giant is moderately wounded.
The hill giant hits you with a giant club.
You sock the hill giant!
The hill giant is moderately wounded.
You hit the hill giant.
The hill giant is heavily wounded.
The hill giant barely misses you.
You sock the hill giant!
The hill giant is severely wounded.
You hit the hill giant.
The hill giant is severely wounded.
The hill giant hits you with a giant club!!
Ouch! That really hurt!
You die...

▓.▓
▓.▓
▓|▓
▓)▓
▓.▓
▓.▓
▓.▓
▓.▓
▓@▓
▓C▓
▓t▓
▓Z▓
▓F▓
▓.▓
▓.▓
▓.▓


You could see a hill giant, a crocodile, a giant frog and a giant cockroach
zombie.

Vanquished Creatures
  A centaur (D)
  A scorpion (D)
  An iguana (D)
  A worker ant (D)
  A dart slug (D)
  A giant gecko (D)
  A bat zombie (D)
  A giant cockroach (D)
  A hobgoblin (D)
  A kobold (D)
  A giant newt (D)
  A jackal skeleton (D)
12 creatures vanquished.

Notes
Turn   | Place    | Note
--------------------------------------------------------------
     0 | D        | wvc the Demonspawn Gladiator began the quest for the Orb.
     0 | D        | Reached XP level 1. HP: 16/16 MP: 1/1
     7 | D        | Reached skill level 3 in Staves
    15 | D        | Reached skill level 4 in Staves
    58 | D        | Noticed a worker ant
    58 | D        | Noticed an iguana
    66 | D        | Killed a worker ant
    66 | D        | Reached skill level 6 in Staves
    66 | D        | Gained mutation: You are partially covered in rough black scales (AC +4, Dex -1). [demonic ancestry]
    66 | D        | Reached XP level 2. HP: 12/22 MP: 2/2
    66 | D        | Reached XP level 3. HP: 15/27 MP: 3/3
    96 | D        | Reached skill level 7 in Staves
   270 | D        | Found a glowing silver altar of Zin.
   270 | D        | Found a glowing golden altar of the Shining One.
   270 | D        | Found an ancient bone altar of Kikubaaqudgha.
   270 | D        | Found a basalt altar of Yredelemnul.
   270 | D        | Found a shimmering altar of Xom.
   270 | D        | Found a radiant altar of Vehumet.
   271 | D        | Found an iron altar of Okawaru.
   272 | D        | Found a burning altar of Makhleb.
   273 | D        | Found a deep blue altar of Sif Muna.
   274 | D        | Found a bloodstained altar of Trog.
   275 | D        | Found a sparkling altar of Nemelex Xobeh.
   276 | D        | Found a white marble altar of Elyvilon.
   277 | D        | Found a roughly hewn altar of Beogh.
   278 | D        | Found a viscous altar of Jiyva.
   279 | D        | Found a corrupted altar of Lugonu.
   280 | D        | Found a blossoming altar of Fedhas.
   281 | D        | Found a snail-covered altar of Cheibriados.
   282 | D        | Found a shadowy altar of Dithmenos.
   283 | D        | Found a stormy altar of Qazlal.
   284 | D        | Found an opulent altar of Gozag.
   285 | D        | Found a sacrificial altar of Ru.
   286 | D        | Found an oddly glowing altar of Pakellas.
   289 | D        | Became a worshipper of Cheibriados the Contemplative
   330 | D        | Noticed a centaur
   330 | D        | Noticed a scorpion
   330 | D        | Noticed a crocodile
   330 | D        | Noticed a giant frog
   330 | D        | Noticed a hill giant
   336 | D        | Killed a centaur
   336 | D        | Reached skill level 9 in Staves
   336 | D        | Reached XP level 4. HP: 20/33 MP: 4/4
   336 | D        | Gained mutation: You have sharp fingernails. [demonic ancestry]
   336 | D        | Reached XP level 5. HP: 23/38 MP: 5/5
   339 | D        | Reached skill level 10 in Staves
   347 | D        | Mangled by a hill giant

Vault maps used:
D:        linesprint

Skill      XL: |  1  2  3  4  5 |
---------------+----------------+-----
Staves         | 6 9 10 | 10.6
Fighting       | |  2.0
Throwing       | |  1.7
Dodging        | |  2.6

Action                   |  1- 3 |  4- 6 || total
-------------------------+-------+-------++-------
Melee: Quarterstaff      |    60 |    11 ||    71
Armor: Leather armour    |    28 |       ||    28
       Chain mail        |     4 |       ||     4
Dodge: Dodged            |    65 |     2 ||    67
